 BcadrenCrawl: Boulder Brew version 0.03.3.1 (webtiles) character file.

Game seed: 10995561885031274856, levelgen mode: deterministic

147 Chiseanne the Ducker (level 5, -1/44 HPs) Centaur Demonspawn. Began on Mar 12, 2021. Splashed by a jelly's acid (5 damage) ... on level 2 of the Dungeon. The game lasted 00:02:11 (1071 turns).

Chiseanne the Ducker (Centaur Demonspawn)           Turns: 1071, Time: 00:02:11

Health: -1/44      AC: -8    Str: 17    XL:     5 ^: 170
Magic:  7/7        EV: 10    Int: 11    God:
Gold:   78         SH:  0    Dex:  9    Spells: 5/6 levels left

rFire    . . .     Vision   .   a - +0 war axe
rCold    . . .     Gourm    .   (no weapon)
rNeg     . . .     Faith    .   b - +0 leather armour
rPois    +         Spirit   .   (helmet restricted)
rElec    .         Reflect  .   (no cloak)
rCorr    .         Harm     .   (no gloves)
MR       .....                  (no barding)
Stlth    +.........             (no amulet)
HPRegen  0.24/turn              c - ring of poison resistance (curse) {(Curse: *Slow)}
MPRegen  0.17/turn              (no ring)

@: corroded, slowed
A: large, hooves 3, horns 1, molten scales 2, deformed body, speed 2, tough skin
3
a: no special abilities


You were on level 2 of the Dungeon.
You were not hungry.

You visited 1 branch of the dungeon, and saw 2 of its levels.

You collected 78 gold pieces.

Inventory:

Weapons
 a - a +0 war axe (weapon)
Armour
 b - a +0 leather armour (worn)
Jewellery
 c - a cursed ring of poison resistance (left hand) {(Curse: *Slow)}
Scrolls
 e - 3 scrolls of teleportation
Potions
 g - a potion of berserk rage
Miscellaneous
 f - a box of beasts
Comestibles
 d - 5 rations
 h - 3 chunks of flesh


   Skills:
 * Level 2.9 Fighting
 + Level 2.5 Axes & Hammers
 * Level 3.1 Dodging
 - Level 1.1 Stealth
 - Level 1.0 Spellcasting
 - Level 1.7 Fire Magic
   Level 3.0 Invocations


You had 5 spell levels left.
You knew the following spells:

 Your Spells              Type           Power        Failure   Level  Hunger
a - Flame Tongue          Fire           4 (30)       17%         1    ##.....

Your spell library contained the following spells:

 Spells                   Type           Power        Failure   Level  Hunger
 Conjure Flame            Fire           4 (100)      45%         3    ####...
 Blink                    Tloc           N/A          47%         2    ###....
 Call Imp                 Summ           0 (100)      47%         2    ###....
 Slow                     Hex            0 (100)      47%         2    ###....
 Mephitic Cloud           Pois/Air       0 (100)      71%         3    ####...


Dungeon Overview and Level Annotations

Branches:
Dungeon (2/8)

Altars:


Innate Abilities, Weirdness & Mutations

You have hooves in place of feet.
You have a pair of small horns on your head.
You are mostly covered in molten scales. (AC +3)
Armour fits poorly on your strangely shaped body.
You cover ground very quickly.
You have extremely tough skin. (AC +3)


Message History

h - 4 chunks of flesh (gained 3)
There is a stone staircase leading up here.
You climb upwards.
There is a stone staircase leading down here.
You start waiting.
Some of the chunks of flesh in your inventory have rotted away.
You climb downwards.
There is a stone staircase leading up here.
You hit the jelly (5).
Your hands burn (3).
You feel yourself slow down.
You hit the jelly but do no damage. The acid corrodes you!
Your hands burn (4).
The jelly hits you but does no damage. The jelly hits you (3).
The acid corrodes you!
You are splashed with acid (4).
You hit the jelly (1).
Your hands burn (2).
You hit the jelly but do no damage.
Your hands burn (2).
The jelly hits you (2). The acid corrodes you!
You are splashed with acid (8)!
The jelly hits you (3).
* * * LOW HITPOINT WARNING * * *
You are splashed with acid (9)!
* * * LOW HITPOINT WARNING * * *
You hit the jelly (6). The acid corrodes you!
Your hands burn (5).
You die...

... ≈≈≈ ≈≈# ###≈≈#
. ##≈≈≈≈# ≈.
##≈;≈≈≈#...
###≈≈≈≈≈.....
####PP≈@.≈≈.....
###.≈#..<≈J......#
#≈....≈≈≈≈≈b≈...≈#
#...†#.≈≈≈≈≈≈.!..#
##≈...≈≈≈≈≈≈≈.#..#
##..#.≈≈≈≈≈≈....#
##≈≈≈≈≈≈≈≈≈....#
###≈≈≈≈≈≈≈≈≈.##
#.≈≈≈≈≈≈≈###


You could see a jelly and a neutral slimehead (wandering) (passive).

Vanquished Creatures
  4 giant cockroaches (D:1)
  3 worms
  4 cinder newts (D:1)
  5 hobgoblins (D:1)
  7 kobolds (D:1)
  7 bats (D:1)
  A bat skeleton (D:2)
  8 goblins (D:1)
  9 rats (D:1)
  A withered plant (D:2)
49 creatures vanquished.

Vanquished Creatures (others)
  2 withered plants (D:2)
2 creatures vanquished.

Grand Total: 51 creatures vanquished

Notes
Turn   | Place    | Note
-------+----------+-------------------------------------------
     0 | D:1      | Chiseanne the Centaur Demonspawn began the quest for the
                  | Orb.
     0 | D:1      | Reached XP level 1. HP: 16/16 MP: 3/3
    35 | D:1      | Gained mutation: You have a pair of small horns on your
                  | head. [demonic ancestry]
    35 | D:1      | Reached XP level 2. HP: 21/23 MP: 4/4
    98 | D:1      | Gained mutation: You are partially covered in molten
                  | scales. (AC +2) [demonic ancestry]
    98 | D:1      | Reached XP level 3. HP: 29/29 MP: 5/5
   170 | D:1      | Gained mutation: You are mostly covered in molten scales.
                  | (AC +3) [demonic ancestry]
   170 | D:1      | Reached XP level 4. HP: 36/36 MP: 6/6
   414 | D:1      | Identified the cursed ring of Past Mistakes {Fire MR+ MP+9
                  | Int+2, (Curse: *Drain Fragile)}
   956 | D:2      | Reached XP level 5. HP: 25/44 MP: 7/7
  1071 | D:2      | Splashed by a jelly's acid

Levels and vault maps discovered:
D:1:      evilmike_arrival_run_for_it, layout_loops_ring, first_ration
D:2:      layout_sewer, sewer_frog_spiral, uniq_duvessa

Skill      XL: |  1  2  3  4 |
---------------+-------------+-----
Axes & Hammers | 2 |  2.5
Fighting       | 2 |  2.9
Dodging        | 3 |  3.1
Stealth        | |  1.1
Spellcasting   | |  1.0
Fire Magic     | |  1.7
Invocations    | |  3.0

Action                   |  1- 3 |  4- 6 || total
-------------------------+-------+-------++-------
Melee: War axe           |    56 |    72 ||   128
       Unarmed           |    45 |    49 ||    94
       Kick              |     2 |     3 ||     5
       Headbutt          |     1 |     4 ||     5
Armor: Leather armour    |    20 |    32 ||    52
Dodge: Dodged            |    42 |    50 ||    92
